 Dungeon Crawl Stone Soup version 0.31-a0-654-gbe3e110 (webtiles) character file.

Game seed: 15462552839914409150

1747249 BarneyGumball the Merry Kobold (level 27, 130/179 HPs)
             Began as a Kobold Hunter on Aug 29, 2023.
             Was a High Priest of Hepliaklqana.
             Escaped with the Orb
             ... and 3 runes!
             The game lasted 06:15:23 (65268 turns).

BarneyGumball the Merry Kobold (Kobold Hunter)     Turns: 65268, Time: 06:15:24

Health: 130/179    AC: 14    Str:  8    XL:     27
Magic:  44/44      EV: 43    Int: 22    God:    Hepliaklqana [*****.]
Gold:   2212       SH: 11    Dex: 28    Spells: 23/38 levels left

rFire   + + +        a - +5 hand crossbow (freeze)
rCold   + . .        R - +3 buckler {reflect}
rNeg    + . .        V - +3 leather armour {rC+}
rPois   +            N - +1 hat of Zin's Inspiration {Will+ Int-4 Dex+4}
rElec   +            P - +0 cloak of the Nexus {rF+ MP+9}
rCorr   .            Q - +2 pair of gloves of Dishonesty {Rampage Fly Int+6}
SInv    +            m - +0 pair of boots of Muleal {rPois Int+4 Dex-4 Slay+4}
Will    +++++        U - amulet of the Four Winds {rN+ Will+++ Clar}
Stlth   ++           y - ring of Xiholec {rF+ Int+5 Dex-2 Slay+4}
HPRegen 0.49/turn    Z - ring "Xebyryur" {*Corrode Drain rElec rF+ SInv}
MPRegen 0.29/turn

%: corrode self (3%), reflection, clarity, rampage
@: flying, hasted, very quick
A: reduced essence, small, no large weapons, nightstalker 3, deterioration 1,
weak 1
0: Orb of Zot
}: 3/15 runes: barnacled, abyssal, gossamer
a: Renounce Religion, Recall Ancestor, Ancestor Identity, Transference, Idealise


You escaped.
You worshipped Hepliaklqana.
Hepliaklqana was extremely pleased with you.
You visited 10 branches of the dungeon, and saw 47 of its levels.
You visited the Abyss 1 time.
You also visited: Trove, Sewer, Gauntlet, Wizlab and Desolation.

You collected 5985 gold pieces.
You spent 3773 gold pieces at shops.

Inventory:

Hand Weapons
 a - a +5 hand crossbow of freezing (weapon)
 b - a +6 heavy arbalest
Armour
 m - the +0 pair of boots of Muleal (worn) {rPois Int+4 Dex-4 Slay+4}
   (You found it on level 3 of the Elven Halls)

   Int+4:     It affects your intelligence (+4).
   Dex-4:     It affects your dexterity (-4).
   Slay+4:    It affects your accuracy & damage with ranged weapons and melee
   (+4).
   rPois:     It protects you from poison
 N - the +1 hat of Zin's Inspiration (worn) {Will+ Int-4 Dex+4}
   (You found it in a Gauntlet)

   Int-4:     It affects your intelligence (-4).
   Dex+4:     It affects your dexterity (+4).
   Will+:     It increases your willpower.
 P - the +0 cloak of the Nexus (worn) {rF+ MP+9}
   (You found it on level 3 of the Shoals)

   rF+:       It protects you from fire.
   MP+9:      It affects your magic capacity (+9).
 Q - the +2 pair of gloves of Dishonesty (worn) {Rampage Fly Int+6}
   (You found it in a Gauntlet)

   Int+6:     It affects your intelligence (+6).
   Fly:       It grants you flight.
   Rampage:   It bestows one free step when moving towards enemies.
 R - a +3 buckler of reflection (worn)
 V - a +3 leather armour of cold resistance (worn)
Jewellery
 c - a ring of protection from cold
 y - the ring of Xiholec (left hand) {rF+ Int+5 Dex-2 Slay+4}
   (You found it in a treasure trove)

   [ring of slaying]

   Int+5:     It affects your intelligence (+5).
   Dex-2:     It affects your dexterity (-2).
   Slay+4:    It affects your accuracy & damage with ranged weapons and melee
   (+4).
   rF+:       It protects you from fire.
 C - the ring "Suinkyng" {rN+ Dex+6}
   (You found it in a treasure trove)

   [ring of dexterity]

   Dex+6:     It affects your dexterity (+6).
   rN+:       It protects you from negative energy.
 J - the ring of Ogreuph {rPois rCorr Dex+6}
   (You found it in a Gauntlet)

   [ring of dexterity]

   Dex+6:     It affects your dexterity (+6).
   rPois:     It protects you from poison rCorr: It protects you from acid and
   corrosion.
 S - the amulet "Cyhaoq" {Regen+ Int+5 Dex+2 Slay+5}
   (You found it in a treasure trove)

   [amulet of regeneration]

   Int+5:     It affects your intelligence (+5).
   Dex+2:     It affects your dexterity (+2).
   Slay+5:    It affects your accuracy & damage with ranged weapons and melee
   (+5).
   Regen+:    It increases your rate of health regeneration.
 U - the amulet of the Four Winds (around neck) {rN+ Will+++ Clar}
   (You bought it in a shop on level 2 of the Orcish Mines)

   [amulet of nothing]

   rN+:       It protects you from negative energy.
   Will+++:   It greatly increases your willpower.
   Clar:      It protects you from confusion, rage, mesmerisation and fear.
 Z - the ring "Xebyryur" (right hand) {*Corrode Drain rElec rF+ SInv}
   (You bought it in a shop on level 7 of the Dungeon)

   [ring of protection from fire]

   rF+:       It protects you from fire.
   rElec:     It insulates you from electricity.
   SInv:      It lets you see invisible.
   *Corrode:  It may corrode you when you take damage.
   Drain:     It drains your maximum health when unequipped.
Wands
 f - a wand of polymorph (24)
 k - a wand of flame (99)
 r - a wand of roots (65)
 v - a wand of mindburst (49)
 O - a wand of light (39)
 W - a wand of charming (37)
Scrolls
 d - 9 scrolls of amnesia
 g - 20 scrolls of teleportation
 j - 5 scrolls of butterflies
 l - 3 scrolls of revelation
 q - 2 scrolls of enchant armour
 u - 2 scrolls of blinking
 x - 7 scrolls of fog
 z - 9 scrolls of poison
 B - 2 scrolls of fear
 D - 2 scrolls of immolation
 H - 6 scrolls of silence
Potions
 e - 8 potions of mutation
 i - 15 potions of brilliance
 n - 6 potions of magic
 o - 11 potions of ambrosia
 p - 2 potions of berserk rage
 t - 9 potions of might
 w - a potion of heal wounds
 A - 9 potions of attraction
 F - 10 potions of enlightenment
 G - 3 potions of invisibility
 K - 4 potions of resistance
 L - 3 potions of cancellation
 M - 16 potions of curing
Miscellaneous
 h - a phial of floods
 T - a sack of spiders
 Y - a phantom mirror


   Skills:
 O Level 27 Fighting
 O Level 27 Ranged Weapons
 - Level 10.0 Armour
 O Level 27 Dodging
 - Level 6.0 Stealth
 - Level 10.0 Shields
 - Level 6.0 Spellcasting
 - Level 8.0 Hexes
 - Level 9.0 Translocations
 - Level 6.0 Transmutations
 + Level 17.2 Invocations
 - Level 23.0 Evocations


You had 23 spell levels left.
You knew the following spells:

 Your Spells              Type           Power      Damage    Failure   Level
a - Blink                 Tloc           92%        N/A       1%          2
b - Wereblood             Tmut           33%        N/A       1%          2
c - Apportation           Tloc           92%        N/A       1%          1
d - Portal Projectile     Hex/Tloc       88%        N/A       1%          3
e - Passage of Golubria   Tloc           46%        N/A       4%          4
f - Tukima's Dance        Hex            41%        N/A       1%          3

Your spell library contained the following spells:

 Spells                   Type           Power      Damage    Failure   Level
 Slow                     Hex            100%       N/A       1%          1
 Lesser Beckoning         Tloc           92%        N/A       1%          2
 Confusing Touch          Hex            41%        N/A       1%          3
 Teleport Other           Tloc           46%        N/A       1%          3
 Momentum Strike          Conj/Tloc      52%        3d9       3%          2
 Sting                    Tmut/Pois      76%        1d6       4%          1
 Ensorcelled Hibernation  Hex/Ice        48%        N/A       4%          2
 Passwall                 Tmut/Erth      15%        N/A       7%          2
 Volatile Blastmotes      Fire/Tloc      52%        2d14      8%          3
 Dazzling Flash           Conj/Hex       48%        N/A       10%         3
 Inner Flame              Hex/Fire       24%        N/A       10%         3
 Summon Guardian Golem    Hex/Summ       24%        N/A       10%         3
 Necrotise                Necr           24%        1d5       16%         1
 Shock                    Conj/Air       24%        1d4       16%         1
 Summon Small Mammal      Summ           24%        N/A       16%         1
 Static Discharge         Conj/Air       12%        2-3/arc   24%         2
 Sublimation of Blood     Necr           6%         N/A       24%         2
 Vhi's Electric Charge    Tloc/Air       52%        N/A       26%         4
 Yara's Violent Unravell  Hex/Tmut       18%        3d9       26%         5
 Anguish                  Hex/Necr       12%        N/A       30%         4
 Fulminant Prism          Conj/Hex       12%        3d9       30%         4
 Leda's Liquefaction      Hex/Erth       12%        N/A       30%         4
 Call Canine Familiar     Summ           6%         N/A       43%         3
 Frozen Ramparts          Ice            12%        1d2       43%         3
 Hailstorm                Conj/Ice       6%         3d4       43%         3
 Ozocubu's Armour         Ice            6%         N/A       43%         3
 Swiftness                Air            6%         N/A       43%         3
 Vampiric Draining        Necr           6%         2d6       43%         3
 Petrify                  Tmut/Erth      19%        N/A       43%         4
 Summon Forest            Summ/Tloc      13%        N/A       56%         5
 Metabolic Englaciation   Hex/Ice        12%        N/A       65%         5
 Silence                  Hex/Air        12%        N/A       65%         5
 Irradiate                Conj/Tmut      9%         3d14      78%         5
 Airstrike                Air            3%         2d(1-17)  85%         4
 Animate Armour           Summ/Erth      12%        N/A       85%         4
 Animate Dead             Necr           6%         N/A       85%         4
 Flame Wave               Conj/Fire      6%         2d5       85%         4
 Olgreb's Toxic Radiance  Pois           6%         N/A       85%         4
 Sticky Flame             Conj/Fire      6%         2d3       85%         4
 Summon Lightning Spire   Summ/Air       6%         N/A       85%         4
 Agony                    Necr           6%         N/A       99%         5
 Arcjolt                  Conj/Air       3%         1d13      99%         5
 Lee's Rapid Deconstruct  Erth           3%         3d5*      99%         5
 Conjure Ball Lightning   Conj/Air       3%         3x3d6     100%        6
 Leda's Unmaking          Conj/Erth      3%         9d1       100%        6
 Plasma Beam              Fire/Air       3%         2x1d13    100%        6
 Simulacrum               Ice/Necr       3%         N/A       100%        6
 Starburst                Conj/Fire      3%         6d3       100%        6
 Haunt                    Necr/Summ      3%         N/A       100%        7
 Orb of Destruction       Conj           3%         9d5       100%        7
 Spellforged Servitor     Conj/Summ      3%         N/A       100%        7
 Borgnjor's Revivificati  Necr           3%         N/A       100%        8
 Discord                  Hex            20%        N/A       100%        8
 Disjunction              Tloc           23%        N/A       100%        8
 Maxwell's Capacitive Co  Air            3%         ∞         100%        8
 Death's Door             Necr           3%         N/A       100%        9
 Shatter                  Erth           3%         3d7*      100%        9


Dungeon Overview and Level Annotations

Branches:
Dungeon (15/15)            Temple (1/1) D:4            Lair (5/5) D:8
 Shoals (4/4) Lair:2       Spider (4/4) Lair:2        Slime (0/5) Lair:4
    Orc (2/2) D:9             Elf (3/3) Orc:2        Vaults (4/5) D:14
  Crypt (0/3) Vaults:3     Depths (4/4) D:15            Zot (5/5) Depths:4
  Sewer (visited)          WizLab (visited)         Desolation (visited)
Gauntlet (visited)

Altars:
Cheibriados
Dithmenos
Elyvilon
Fedhas
Gozag
Hepliaklqana
Kikubaaqudgha
Makhleb
Nemelex Xobeh
Okawaru
Qazlal
Ru
Sif Muna
Trog
Uskayaw
Vehumet
Wu Jian
Xom
Yredelemnul
Zin
The Shining One
Jiyva

Shops:
D:7 =   D:10 [[:   D:13 =   D:15 (   Orc:2 !*=(   Elf:1 :*(   Elf:2 *!
Shoals:3 (   Depths:4 **

Portals:
Hell: Depths:1 Depths:2 Depths:3 Depths:4
Abyss: Depths:3
Pandemonium: Depths:2 Depths:3
Ziggurat: Depths:4

Annotations:
D:4 exclusion: door, Duvessa
D:5 Ijyb
Lair:2 1 runed translucent door, Radamante's ghost, journeyman MiFi
Elf:1 1 runed translucent door, BarneyGumball's ghost, adept KoHu
Elf:2 5 runed translucent doors
Vaults:2 3 runed translucent doors, 2 transporters
Vaults:4 1 transporter


Innate Abilities, Weirdness & Mutations

Your life essence is reduced to manifest your ancestor. (-10% HP)
You are small and have problems with some larger weapons.
You are completely attuned to the shadows.
Your body sometimes deteriorates upon taking damage.
You are weak. (Str -2)


Message History

The Executioner hits you.
Cannonfodder hits the Executioner with a +0 broad axe of speed.
The Executioner misses you. You block the Executioner's attack. x2
Fire: a) +5 hand crossbow (freeze)
Press: ? - help, Shift-Dir - straight line, f - Executioner
Aim: an Executioner (lightly wounded, fast, ally target, 77% to hit)
You shoot a bolt. The bolt hits the Executioner!
The bolt freezes the Executioner.
The Executioner is heavily wounded.
You block the Executioner's attack. The Executioner completely misses you.
The Executioner misses you. You block the Executioner's attack.
The Executioner barely misses you. The Executioner closely misses you.
Cannonfodder barely misses the Executioner.
Fire: a) +5 hand crossbow (freeze)
Press: ? - help, Shift-Dir - straight line, f/p - Executioner
Aim: an Executioner (heavily wounded, fast, ally target, 77% to hit)
You shoot a bolt. The bolt hits the Executioner!!
The bolt freezes the Executioner.
The Executioner is almost dead.
The Executioner completely misses you. You block the Executioner's attack. x2
The Executioner hits you. The Executioner completely misses you.
The Executioner hits you but does no damage.
Cannonfodder hits the Executioner with a +0 broad axe of speed!
Fire: a) +5 hand crossbow (freeze)
Press: ? - help, Shift-Dir - straight line, f/p - Executioner
Aim: an Executioner (almost dead, fast, ally target, 77% to hit)
You shoot a bolt. The bolt hits the Executioner.
The Executioner is almost dead.
The Executioner misses you.
The Executioner completely misses you. x2
You block the Executioner's attack. The Executioner closely misses you.
The Executioner barely misses you.
Cannonfodder hits the Executioner with a +0 broad axe of speed!
The Executioner dies!
You fly upwards.
There is a stone staircase leading down here.
You swap places.
You see here a +0 barding.
Cannonfodder is no longer weakened.
There is a staircase leading out of the dungeon here.
You have escaped!

.......#................[.#
)........#####.....######.#
#......#.#...#.....#...##.#
#....###.#.8.#.....#.8.##.#
#.##.###.#...#.....#$..##>#
#.##.....#####.....######.#
#.......................#.#
#######.#.......R.......#.#
# #.#.......@.......#.# #
#.#...............#.# ####
#.................#.# ...#
#.######.....######.# ...#
#.##...#.....#...##.# 8..#
#.##.8.#.....#.8.##.# ...#
#.##...#.....#...##.#
8).####.######.....#####..#
...#....#.................#


You could see the friendly Cannonfodder the knight (fast, reflecting).

Vanquished Creatures
  2 dread liches (Zot:5)
  3 orbs of fire
  An ancient lich (Zot:5)
  A juggernaut (Depths:3)
  Vv (Depths:2)
  6 Killer Klowns (Zot:5)
  2 curse toes
  Saint Roka (Depths:2)
  8 golden dragons
  Nikola (Depths:1)
  the Enchantress (Depths:1)
  Jory (Depths:2)
  A bone dragon (Abyss:3)
  Norris (Depths:2)
  3 electric golems
  7 tentacled monstrosities
  A hellephant (Abyss:3)
  The ghost of Vephes the Peltast, an adept HuWn of Okawaru (Shoals:3)
  18 Orb Guardians
  2 quicksilver dragons
  3 liches
  A titan (Depths:4)
  2 deep elf blademasters (Elf:3)
  A deep elf master archer (Elf:3)
  An ancient champion (WizLab)
  3 tentacled starspawn (Abyss:3)
  2 sphinxes
  8 death cobs
  An Executioner (Abyss:3)
  A kraken (Shoals:2)
  3 tengu reavers (Depths:3)
  15 storm dragons
  4 shadow dragons
  Donald (Spider:1)
  3 draconian monks
  3 revenants
  Roxanne (Spider:1)
  A shadow dragon (shapeshifter) (Depths:4)
  A nagaraja (Abyss:3)
  7 draconian knights
  5 frost giants
  5 fire giants
  An iron dragon (Depths:4)
  9 draconian shifters
  8 vault wardens
  4 spectral caustic shrikes
  3 balrugs
  6 draconian scorchers
  2 imperial myrmidons (Desolation)
  2 emperor scorpions (Spider:4)
  A caustic shrike zombie (Depths:2)
  9 deep elf sorcerers
  3 orc warlords
  3 broodmothers (Spider:4)
  A deep elf elementalist (Elf:3)
  20 ironbound preservers
  5 ghost moths
  4 draconian annihilators
  2 reapers
  4 draconian stormcallers
  5 stone giants
  3 cacodemons
  4 spriggan defenders
  12 very ugly things
  5 ironbound thunderhulks
  8 green draconians
  4 deep elf demonologists (Elf:3)
  11 black draconians
  2 vampire knights
  A yellow draconian (shapeshifter) (Depths:2)
  5 deep elf annihilators (Elf:3)
  A lorocyproca (Abyss:2)
  6 halazid warlocks
  5 yellow draconians
  10 white draconians
  5 spark wasps
  12 purple draconians
  13 dire elephants
  A minotaur (Gauntlet)
  A blizzard demon (Depths:2)
  11 red draconians
  8 deep elf death magi
  3 spectral quicksilver dragons (WizLab)
  2 eidola
  4 jiangshi
  A quicksilver dragon zombie (WizLab)
  A crystal guardian (Desolation)
  4 ettins
  9 merfolk javelineers
  8 entropy weavers
  6 merfolk impalers
  3 fire dragons
  Josephine (Spider:1)
  9 servants of whispers (Desolation)
  5 ragged hierophants (Desolation)
  A rakshasa (Depths:3)
  2 great orbs of eyes
  4 ice dragons
  5 vault guards
  3 deep elf high priests (Elf:3)
  2 caustic shrike simulacra (Depths:2)
  A spectral tengu (Depths:2)
  4 hydras
  A spriggan air mage (Depths:4)
  9 yaktaur captains
  8 ironbound frosthearts
  2 spriggan skeletons (Depths:2)
  5 merfolk avatars
  A hell beast (Depths:2)
  5 peacekeepers (Desolation)
  13 dancing weapons
  8 radroaches
  2 alligator snapping turtles
  7 merfolk aquamancers
  A spectral frost giant (Depths:2)
  6 boulder beetles
  4 jorogumos
  A spectral fire giant (Depths:2)
  7 two-headed ogres
  19 centaur warriors
  7 deep troll shamans
  2 satyrs
  A two-headed ogre (shapeshifter) (Depths:2)
  6 tengu warriors
  A death knight (D:13)
  2 vampire magi
  10 demonic crawlers
  4 orc high priests
  3 spriggans (Depths:1)
  3 hell knights
  2 spriggan berserkers (Depths:3)
  8 thrashing horrors
  A spectral storm dragon (Depths:2)
  3 deep troll earth magi
  Nergalle (Orc:1)
  3 wretched stars (Abyss:3)
  7 sun demons
  A titan skeleton (Abyss:3)
  8 deep elf knights
  3 shadow wraiths
  9 skysharks
  2 skeletal warriors (WizLab)
  2 soul eaters
  A spectral spark wasp (Depths:2)
  2 iron trolls (Depths:2)
  3 sixfirhies (Depths:2)
  10 pharaoh ants
  3 sun moths
  3 cherubim
  5 glowing orange brains
  A death drake (Zot:3)
  2 spark wasp zombies (WizLab)
  4 flayed ghosts
  A shadow demon (D:8)
  11 orb spiders
  A spriggan druid (Depths:1)
  2 spatial maelstroms (Abyss:3)
  A sea snake (Shoals:3)
  3 steelbarb worms
  An obsidian statue (Depths:3)
  52 deep trolls
  A spectral wolf spider (WizLab)
  15 ironbound convokers
  6 phantasmal warriors
  A wolf spider zombie (WizLab)
  6 deep elf archers
  6 wizards
  5 large abominations
  20 harpies
  5 lindwurms (Vaults:1)
  23 ugly things
  21 deep elf pyromancers
  13 orc knights
  A mana viper (Abyss:3)
  A frost giant zombie (Depths:2)
  9 cyclopes
  A salamander (shapeshifter) (Abyss:3)
  22 deep elf zephyrmancers
  4 necromancers
  4 orc sorcerers
  8 manticores
  An oklob plant (Gauntlet)
  4 centaur zombies (D:11)
  3 worldbinders
  14 fauns
  23 wolf spiders
  23 moths of wrath
  Maurice (D:8)
  A stone giant skeleton (Depths:2)
  2 black mambas (Lair:5)
  8 merfolk sirens
  7 guardian serpents (Desolation)
  18 elephants
  2 rust devils
  16 vault sentinels
  A smoke demon (Abyss:2)
  11 water nymphs
  2 molten gargoyles (Desolation)
  Jeremiah (D:8)
  2 torpor snails
  A storm dragon simulacrum (Depths:2)
  An eye of devastation (Depths:4)
  3 orange demons
  7 rime drakes
  5 cane toads
  2 komodo dragons
  A kobold demonologist (D:9)
  2 ice devils
  An ancient zyme (Abyss:3)
  A green draconian skeleton (Zot:4)
  A freezing wraith (D:15)
  19 yaktaurs
  2 tormentors
  21 merfolk
  4 tengu conjurers
  8 trolls
  A guardian mummy (Zot:4)
  A polar bear (shapeshifter) (Spider:2)
  A meliai (Spider:2)
  A queen bee (Lair:3)
  4 wind drakes
  6 hornets
  A hellwing (Depths:2)
  4 polar bears
  25 tarantellas
  6 raiju
  14 blink frogs
  An iron dragon simulacrum (Depths:2)
  61 saltlings (Desolation)
  6 snapping turtles
  32 jumping spiders
  4 dream sheep (Shoals:3)
  18 culicivoras
  36 slime creatures
  3 air elementals
  2 vampires
  12 flying skulls
  21 starcursed masses
  10 water elementals
  6 shadows
  3 wraiths
  5 wyverns
  34 yaks
  3 fire elementals (Elf:3)
  4 basilisks
  A yaktaur simulacrum (Vaults:1)
  9 small abominations
  5 ynoxinuls
  41 redbacks
  2 humans (D:14)
  2 steam dragons
  3 neqoxecs
  A spatial vortex (Abyss:3)
  2 chaos spawn
  4 wargs
  5 vampire mosquitoes
  3 acid dragons
  3 swamp worms (Gauntlet)
  9 water moccasins
  4 floating eyes
  35 orc warriors
  5 ice beasts
  2 sky beasts
  2 black bears
  16 ogres
  9 centaurs
  20 wolves
  A phantom (D:4)
  A human zombie (Vaults:3)
  15 bullfrogs
  A kobold brigand (D:10)
  3 gnoll sergeants
  5 earth elementals
  4 scorpions
  3 wights (D:9)
  19 killer bees
  2 howler monkeys (D:14)
  9 electric eels
  2 lava snakes (Lair:1)
  A crimson imp (Abyss:3)
  2 quasits (Abyss:3)
  A gnoll bouda (D:8)
  An iron imp (Abyss:3)
  3 jellies
  A hound (D:4)
  21 orc priests
  A sleepcap (D:7)
  2 iguanas (D:5)
  Terence (D:3)
  20 orc wizards
  4 hell rats (Lair:4)
  14 gnolls
  5 adders
  2 white imps
  4 ufetubi
  4 worms
  4 dart slugs
  85 orcs
  9 bats
  2 endoplasms
  4 giant cockroaches
  A goblin (D:3)
  3 hobgoblins
  5 jackals
  9 kobolds
  3 quokkas
  5 ball pythons
  2 frilled lizards (D:1)
  5 rats
  A lurking horror (Abyss:3)
  A spectral weapon (Spider:4)
1916 creatures vanquished.

Vanquished Creatures (collateral kills)
  A dread lich (Zot:4)
  3 Killer Klowns (Zot:5)
  2 curse toes
  2 golden dragons
  An electric golem (Zot:4)
  4 tentacled monstrosities
  11 Orb Guardians (Zot:5)
  A lich (Abyss:3)
  A deep elf master archer (Elf:3)
  Asterion (Spider:4)
  3 tentacled starspawn
  An Executioner (D:2)
  4 death cobs
  3 shadow dragons
  3 ancient champions (WizLab)
  2 fire giants
  3 vault wardens
  2 frost giants
  A ghost moth (Spider:4)
  2 balrugs (Depths:3)
  A deep elf sorcerer (Elf:3)
  An imperial myrmidon (Desolation)
  2 emperor scorpions (Spider:4)
  A draconian knight (Zot:2)
  2 draconian scorchers (Zot:4)
  2 spectral juggernauts (Depths:2)
  2 draconian stormcallers
  A juggernaut zombie (Depths:2)
  An orc warlord (Vaults:2)
  2 caustic shrike zombies (WizLab)
  A draconian shifter (Zot:3)
  A formless jellyfish (Shoals:4)
  An angel (Shoals:4)
  6 ironbound preservers
  3 draconian annihilators
  2 vampire knights (Depths:3)
  3 stone giants
  9 very ugly things
  A spriggan defender (Depths:3)
  2 green draconians
  4 ironbound thunderhulks
  A halazid warlock (Desolation)
  A deep elf demonologist (Elf:3)
  9 white draconians
  5 black draconians
  8 dire elephants
  2 purple draconians
  A spectral titan (WizLab)
  7 yellow draconians
  5 red draconians
  Snorg (Lair:3)
  A spark wasp (Spider:4)
  5 deep elf death magi
  2 merfolk impalers
  4 merfolk javelineers
  4 ettins
  A green death (Abyss:3)
  4 fire dragons
  A jiangshi (Depths:2)
  3 yaktaur captains
  3 ragged hierophants (Desolation)
  A great orb of eyes (Vaults:2)
  2 ice dragons (Depths:3)
  6 vault guards
  2 hydras (D:13)
  5 servants of whispers (Desolation)
  3 spriggan air magi
  4 peacekeepers
  A hell beast (Depths:2)
  A catoblepas (D:13)
  2 ironbound frosthearts
  2 centaur warriors (Vaults:1)
  2 sphinx zombies
  2 dancing weapons
  A spectral stone giant (Depths:2)
  2 boulder beetles
  A tengu warrior (Depths:2)
  A deep troll shaman (Depths:3)
  A sphinx skeleton (Depths:2)
  3 demonic crawlers
  3 vampire magi
  2 orc high priests (Orc:2)
  3 thrashing horrors (Abyss:3)
  2 hell knights (Depths:1)
  3 deep troll earth magi
  A titan zombie (WizLab)
  A skyshark (Depths:2)
  A spriggan berserker (Depths:3)
  3 soul eaters
  6 deep elf knights
  3 shadow wraiths
  A wretched star (Abyss:3)
  2 pharaoh ants
  A death drake (Zot:4)
  7 iron trolls
  An orb spider (Spider:2)
  2 sea snakes
  3 flayed ghosts (Depths:2)
  24 deep trolls
  8 ironbound convokers
  A swamp dragon (Abyss:3)
  3 harpies
  4 deep elf archers
  A wolf spider zombie (WizLab)
  A wizard (Vaults:3)
  7 wolf spiders
  4 necromancers
  A steelbarb worm (Spider:4)
  A glowing orange brain (Vaults:3)
  3 deep elf pyromancers (Elf:1)
  A golden dragon skeleton (Depths:1)
  5 orc knights
  2 phantasmal warriors (WizLab)
  5 manticores
  2 orc sorcerers
  A sphinx simulacrum (Depths:2)
  A cyclops (Shoals:3)
  13 ugly things
  2 deep elf zephyrmancers
  2 worldbinders (Abyss:3)
  6 elephants
  7 moths of wrath
  3 fauns (Shoals:2)
  3 starcursed masses
  3 large abominations (Abyss:3)
  A rust devil (Abyss:1)
  3 guardian serpents
  3 torpor snails
  An elf zombie (Vaults:3)
  7 vault sentinels
  2 smoke demons
  A centaur zombie (D:11)
  An orange demon (D:2)
  A yaktaur (shapeshifter) (D:13)
  A cane toad (Lair:5)
  Maggie (D:8)
  A molten gargoyle (Desolation)
  A tormentor (Depths:3)
  3 ice devils
  2 ancient zymes (Abyss:3)
  A rime drake (Lair:2)
  3 tengu conjurers
  7 yaktaurs
  7 komodo dragons
  A golden dragon simulacrum (Depths:2)
  2 freezing wraiths (Depths:2)
  2 spectral harpies (WizLab)
  2 meliai (Spider:2)
  9 merfolk
  A troll (Orc:2)
  5 tarantellas
  A polar bear (Lair:5)
  2 wind drakes
  21 saltlings
  A raiju (Abyss:3)
  A spriggan zombie (WizLab)
  10 slime creatures
  2 blink frogs
  A stone giant simulacrum (Depths:1)
  4 flying skulls
  A slime creature (shapeshifter) (Depths:4)
  An ettin skeleton (Depths:1)
  11 culicivoras
  2 wraiths (Spider:1)
  2 shadows
  11 yaks
  A ynoxinul (Depths:3)
  A spriggan (Depths:1)
  4 jumping spiders
  A wyvern (Lair:4)
  2 vampires (D:11)
  3 water elementals
  A basilisk (D:13)
  A human (D:14)
  8 redbacks
  A chaos spawn (Elf:3)
  A neqoxec (Abyss:2)
  A spatial vortex (Abyss:3)
  A glowing shapeshifter zombie (Depths:1)
  5 water moccasins
  15 orc warriors
  A sky beast (D:8)
  5 wolves
  2 ogres
  A small abomination (Abyss:3)
  5 bullfrogs
  A gnoll sergeant (D:12)
  A wight (D:9)
  9 killer bees (Lair:3)
  A howler monkey (D:13)
  2 quasits (Abyss:3)
  A jelly (Abyss:3)
  8 orc priests (Orc:2)
  4 hell rats (Lair:4)
  3 orc wizards (Orc:2)
  7 gnolls
  29 orcs
  An endoplasm (Abyss:3)
  A giant cockroach (Lair:2)
  A lurking horror (Abyss:3)
  A starspawn tentacle (Abyss:3)
638 creatures vanquished.

Vanquished Creatures (others)
  A vault warden (Vaults:1)
  A stone giant (Depths:4)
  2 centaur warriors
  A merfolk aquamancer (Shoals:4)
  2 yaktaurs
  A saltling (Desolation)
  19 knights
  4 ancestors
  A lurking horror (Abyss:3)
  5 starspawn tentacles (Abyss:3)
37 creatures vanquished.

Grand Total: 2591 creatures vanquished

Notes
Turn   | Place    | Note
-------+----------+-------------------------------------------
     0 | D:1      | BarneyGumball the Kobold Hunter began the quest for the
                  | Orb.
     0 | D:1      | Reached XP level 1. HP: 12/12 MP: 1/1
   350 | D:1      | Reached XP level 2. HP: 17/17 MP: 2/2
   650 | D:2      | Reached XP level 3. HP: 15/21 MP: 3/3
   952 | D:2      | Found a faded altar of an unknown god.
  1462 | D:3      | Reached XP level 4. HP: 26/26 MP: 4/4
  1513 | D:3      | Found a glowing drain.
  1596 | Sewer    | Entered a sewer
  1640 | Sewer    | Noticed Pargi
  1768 | D:3      | Noticed Terence
  1860 | D:3      | Killed Terence
  1861 | D:3      | Reached XP level 5. HP: 19/30 MP: 5/5
  1959 | D:3      | Found a sparkling altar of Nemelex Xobeh.
  2388 | D:4      | Noticed a centaur
  2393 | D:4      | Killed a centaur
  2394 | D:4      | Reached XP level 6. HP: 8/35 MP: 6/6
  2638 | D:4      | Found a staircase to the Ecumenical Temple.
  2644 | Temple   | Entered the Ecumenical Temple
  2679 | D:4      | Noticed an ogre
  2785 | D:4      | Noticed Duvessa
  2805 | D:4      | Found an opulent altar of Gozag.
  2861 | D:4      | Killed an ogre
  2862 | D:4      | Reached skill level 10 in Ranged Weapons
  3067 | D:5      | Entered Level 5 of the Dungeon
  3119 | D:5      | Noticed an ice beast
  3119 | D:5      | Noticed an ogre
  3142 | D:4      | Reached XP level 7. HP: 37/40 MP: 7/7
  3190 | D:5      | Noticed Ijyb
  3540 | D:5      | Found a shimmering altar of Xom.
  3541 | D:5      | Found a hazy altar of Hepliaklqana.
  3542 | D:5      | Noticed a spectral ugly thing
  3549 | D:5      | Became a worshipper of Hepliaklqana the Forgotten
  3721 | D:5      | Reached XP level 8. HP: 38/45 MP: 8/8
  3794 | D:5      | Found a radiant altar of Vehumet.
  4559 | D:6      | Reached * piety under Hepliaklqana
  4701 | D:6      | Reached skill level 5 in Stealth
  4763 | D:6      | Reached XP level 9. HP: 46/46 MP: 9/9
  5088 | D:6      | Reached skill level 5 in Fighting
  5403 | D:7      | Found a runed translucent door.
  5877 | D:7      | Reached XP level 10. HP: 56/56 MP: 10/10
  6013 | D:7      | Found a basalt altar of Yredelemnul.
  6080 | D:7      | Found Tinoiqya's Jewellery Shoppe.
  6192 | D:7      | Found a bloodstained altar of Trog.
  6229 | D:7      | Reached skill level 1 in Invocations
  6529 | D:8      | Reached skill level 1 in Armour
  6725 | D:7      | Reached skill level 15 in Ranged Weapons
  6844 | D:8      | Found a hide-covered altar of Uskayaw.
  6908 | D:8      | Found a staircase to the Lair.
  6976 | D:8      | Found a glowing golden altar of the Shining One.
  6976 | D:8      | Found a glowing silver altar of Zin.
  7044 | D:8      | Reached ** piety under Hepliaklqana
  7045 | D:8      | Remembered your ancestor Cannonfodder as a knight
  7074 | D:8      | Found a white marble altar of Elyvilon.
  7138 | D:8      | Noticed a two-headed ogre
  7147 | D:8      | Killed a two-headed ogre
  7222 | D:8      | Found a shimmering blue altar of Sif Muna.
  7228 | D:8      | Noticed Maggie
  7235 | D:8      | Killed Maggie
  7236 | D:8      | Reached XP level 11. HP: 61/61 MP: 13/13
  7298 | D:8      | Noticed Jeremiah
  7309 | D:8      | Killed Jeremiah
  7310 | D:8      | Reached skill level 5 in Dodging
  7399 | D:8      | Noticed Maurice
  7420 | D:8      | Killed Maurice
  7921 | D:9      | Identified the +0 leather armour "Kiwa" {Drain rElec rPois
                  | Dex+5}
  8209 | D:9      | Found a staircase to the Orcish Mines.
  8210 | D:9      | Reached *** piety under Hepliaklqana
  8665 | D:9      | Found a shadowy altar of Dithmenos.
  8690 | D:10     | Entered Level 10 of the Dungeon
  8820 | D:10     | Reached skill level 5 in Invocations
  8854 | D:10     | Noticed a two-headed ogre
  8932 | D:10     | Noticed a two-headed ogre
  8936 | D:10     | Killed a two-headed ogre
  9069 | D:10     | Found Nate's Antique Armour Emporium.
  9093 | D:10     | Found Ragufea's Book Shop.
  9193 | D:10     | Found a sacrificial altar of Ru.
  9223 | D:10     | Found Sougyi's Antique Armour Shoppe.
  9498 | D:10     | Killed a two-headed ogre
  9499 | D:10     | Reached skill level 1 in Evocations
  9568 | D:10     | Got Laickepp's Secrets of Warped Corpses
  9988 | D:11     | Reached XP level 12. HP: 61/69 MP: 1/16
 10203 | D:11     | Noticed a two-headed ogre
 10208 | D:11     | Killed a two-headed ogre
 10209 | D:11     | Reached skill level 10 in Fighting
 10413 | D:11     | Reached **** piety under Hepliaklqana
 11124 | Lair:1   | Entered Level 1 of the Lair of Beasts
 11141 | D:8      | Reached XP level 13. HP: 81/81 MP: 16/18
 11285 | Lair:1   | Reached skill level 10 in Dodging
 11411 | Lair:1   | Reached skill level 5 in Evocations
 11809 | Lair:1   | Reached XP level 14. HP: 82/86 MP: 18/20
 12381 | Lair:2   | Found a runed translucent door.
 12382 | Lair:2   | Noticed Radamante's ghost (journeyman MiFi)
 12719 | Lair:2   | Found a hole to the Spider Nest.
 12805 | Lair:2   | Found a staircase to the Shoals.
 13124 | Lair:2   | Reached ***** piety under Hepliaklqana
 13521 | Lair:3   | Noticed Snorg
 13536 | Lair:3   | Killed Snorg
 13673 | Lair:3   | You fall into a shaft and drop 2 floors!
 13673 | Lair:5   | Entered Level 5 of the Lair of Beasts
 13731 | Lair:4   | Found a gate leading to a gauntlet.
 13742 | Gauntlet | Entered a Gauntlet
 13742 | Gauntlet | Found a transporter.
 13743 | Gauntlet | Found a runed translucent door.
 13748 | Gauntlet | Found a transporter.
 13778 | Gauntlet | Found a transporter.
 13787 | Gauntlet | Found a transporter.
 13792 | Gauntlet | Found a transporter.
 13831 | Gauntlet | Found a transporter.
 13833 | Gauntlet | Found a runed translucent door.
 13849 | Gauntlet | Found a transporter.
 13849 | Gauntlet | Found a transporter.
 13856 | Gauntlet | Found a runed translucent gate.
 13864 | Gauntlet | Found a transporter.
 13864 | Gauntlet | Found a transporter.
 13864 | Gauntlet | Found a runed translucent gate.
 13865 | Gauntlet | Found a runed translucent gate.
 13981 | Gauntlet | Found a runed translucent door.
 14084 | Gauntlet | Found a transporter.
 14102 | Gauntlet | Identified the +1 hat of Zin's Inspiration {Will+ Int-4
                  | Dex+4}
 14122 | Gauntlet | Noticed a minotaur
 14127 | Gauntlet | Killed a minotaur
 14128 | Gauntlet | Reached skill level 10 in Invocations
 14135 | Gauntlet | Identified the +3 ring mail of Instinct {rC+}
 14135 | Gauntlet | Identified the +2 pair of gloves of Dishonesty {Rampage Fly
                  | Int+6}
 14135 | Gauntlet | Identified the ring of Ogreuph {rPois rCorr Dex+6}
 14136 | Gauntlet | Got the Quarto of Attacks
 14259 | Lair:4   | Reached XP level 15. HP: 27/90 MP: 5/22
 15221 | Lair:4   | Found a viscous altar of Jiyva.
 15453 | Lair:4   | Found a staircase to the Slime Pits.
 16110 | Lair:5   | Reached skill level 15 in Fighting
 16116 | Lair:5   | Found the +7 captain's cutlass {speed, disarm}
 16375 | Lair:5   | Reached skill level 10 in Evocations
 16957 | Orc:1    | Entered Level 1 of the Orcish Mines
 16987 | Orc:2    | Entered Level 2 of the Orcish Mines
 16988 | Orc:2    | Upgraded the game from 0.31-a0-652-gab4348c to
                  | 0.31-a0-654-gbe3e110
 17154 | Orc:1    | Paralysed by an orc sorcerer for 2 turns
 17242 | Orc:1    | Noticed Nergalle
 17254 | Orc:1    | Killed Nergalle
 17640 | Orc:1    | Reached ****** piety under Hepliaklqana
 17994 | Orc:2    | Found Bipugima's Weapon Shop.
 18016 | Orc:2    | Found Yrimu's Jewellery Boutique.
 18208 | Orc:2    | Reached XP level 16. HP: 99/99 MP: 23/23
 18570 | Orc:2    | Found a staircase to the Elven Halls.
 18881 | Orc:2    | Found Xufymiex's General Store.
 19178 | Orc:2    | Found Anumesom's Distillery.
 19183 | Orc:2    | Bought a potion of resistance for 150 gold pieces
 19310 | Orc:2    | Bought the amulet of the Four Winds {rN+ Will+++ Clar} for
                  | 849 gold pieces
 19310 | Orc:2    | Found the amulet of the Four Winds {rN+ Will+++ Clar}
 19378 | Orc:2    | Bought a scroll of brand weapon for 142 gold pieces
 19714 | Spider:1 | Entered Level 1 of the Spider Nest
 19757 | Spider:1 | Noticed Roxanne
 19770 | Spider:1 | Killed Roxanne
 19932 | Spider:1 | Noticed Josephine
 19945 | Spider:1 | Killed Josephine
 19953 | Spider:1 | Reached skill level 15 in Dodging
 20245 | Spider:1 | Noticed Donald
 20253 | Spider:1 | Killed Donald
 20997 | Spider:2 | Reached XP level 17. HP: 103/103 MP: 24/24
 21031 | Spider:2 | Reached skill level 5 in Armour
 21365 | Spider:2 | Got the Elucidation of the Spellbinding Shift
 23169 | Spider:3 | Reached skill level 10 in Armour
 23414 | Spider:4 | Entered Level 4 of the Spider Nest
 23583 | Spider:4 | Noticed Asterion
 23587 | Spider:4 | Noticed an Executioner
 23642 | Spider:4 | Reached XP level 18. HP: 95/108 MP: 25/25
 23813 | Spider:4 | Killed Asterion
 24558 | Spider:4 | Got a gossamer rune of Zot
 24908 | Shoals:1 | Entered Level 1 of the Shoals
 25097 | Shoals:1 | Found Jopei's Self-Improvement Boutique.
 25759 | Shoals:1 | Reached skill level 15 in Evocations
 26541 | Shoals:2 | Reached XP level 19. HP: 117/117 MP: 26/26
 27344 | Shoals:2 | Learned a level 2 spell: Blink
 27394 | Shoals:2 | Reached skill level 1 in Translocations
 27980 | Shoals:3 | Found Korais's Antique Weapon Boutique.
 28306 | Shoals:3 | Found a transporter.
 28310 | Shoals:3 | Noticed Vephes's ghost (adept HuWn)
 28479 | Shoals:3 | Found a transporter.
 28493 | Shoals:3 | Killed Vephes's ghost
 28690 | Shoals:3 | Identified the +0 cloak of the Nexus {rF+ MP+9}
 29149 | Shoals:4 | Entered Level 4 of the Shoals
 29180 | Shoals:4 | Reached skill level 5 in Translocations
 29447 | Shoals:4 | Found a glowing silver altar of Zin.
 29460 | Shoals:4 | Identified the +5 hand axe "Nipameitabb" {pain, rF+++ rCorr
                  | Str-5 SInv}
 29718 | Shoals:4 | Identified the +5 flail "Ympummou" {pain, Str+7}
 29720 | Shoals:4 | Found a glowing golden altar of the Shining One.
 30228 | Shoals:4 | Reached XP level 20. HP: 94/126 MP: 27/27
 30237 | Shoals:4 | Found a white marble altar of Elyvilon.
 30252 | Shoals:4 | Got a barnacled rune of Zot
 30495 | Elf:1    | Entered Level 1 of the Elven Halls
 30674 | Elf:1    | Found Zysukheog's Book Boutique.
 30679 | Elf:1    | Bought a book of Changes for 252 gold pieces
 30682 | Elf:1    | Learned a level 2 spell: Wereblood
 30791 | Elf:1    | Reached skill level 1 in Spellcasting
 30791 | Elf:1    | Reached skill level 1 in Transmutations
 31122 | Elf:1    | Found a runed translucent door.
 31130 | Elf:1    | Noticed BarneyGumball's ghost (adept KoHu)
 31233 | Elf:1    | Found Tuimum's General Store.
 31351 | Elf:1    | Found Kusetir's Weapon Shoppe.
 31762 | Elf:2    | Found Hesor's Distillery.
 31804 | Elf:2    | Paralysed by an air elemental for 1 turns
 31816 | Elf:2    | Bought a potion of haste for 180 gold pieces
 31816 | Elf:2    | Bought a potion of haste for 180 gold pieces
 31863 | Elf:2    | Found Baptynar's Assorted Antiques.
 32034 | Elf:2    | Found a huge runed translucent gate.
 32034 | Elf:2    | Found a huge runed translucent gate.
 32034 | Elf:2    | Found a huge runed translucent gate.
 32034 | Elf:2    | Found a huge runed translucent gate.
 32034 | Elf:2    | Found a huge runed translucent gate.
 32281 | Elf:3    | Entered Level 3 of the Elven Halls
 33118 | Elf:3    | Identified the ring "Quin" {rElec rPois Int+6 Dex+2}
 33146 | Elf:3    | Reached skill level 5 in Spellcasting
 33146 | Elf:3    | Reached skill level 5 in Transmutations
 33150 | Elf:3    | Reached XP level 21. HP: 119/131 MP: 20/28
 33234 | Elf:3    | Identified the orb "Ynouzo Uxic" {*Rage, Regen+}
 33243 | Elf:3    | Identified the +4 hand axe of Bodily Humours {heavy, rPois
                  | rN+ Dex+4}
 33342 | Elf:3    | Got Xegeugh's Anthology of Blasphemous Ceremonies and the
                  | Xenotype
 33347 | Elf:3    | Identified the ring of Ramoiromm {rCorr Dex+2}
 33356 | Elf:3    | Identified the +0 pair of boots of Muleal {rPois Int+4
                  | Dex-4 Slay+4}
 33399 | Elf:3    | Got the Almanac of Weather
 33456 | Elf:3    | Identified the +0 robe "Guc Onal" {Int+3}
 33852 | D:12     | Identified the ring "Ytsaes" {*Corrode rElec rF+ Will+
                  | Stlth+}
 33893 | D:12     | Found a burning altar of Makhleb.
 34896 | D:13     | Found Suaz's Jewellery Emporium.
 36891 | D:14     | Found a gate to the Vaults.
 37123 | D:15     | Entered Level 15 of the Dungeon
 37528 | D:15     | Found a staircase to the Depths.
 37732 | D:15     | Found Ryof's Weapon Emporium.
 37753 | D:15     | Found a stormy altar of Qazlal.
 38148 | Vaults:1 | Entered Level 1 of the Vaults
 38555 | Vaults:1 | Reached XP level 22. HP: 136/136 MP: 31/31
 38629 | Vaults:1 | Reached skill level 1 in Shields
 39403 | Vaults:1 | Reached skill level 5 in Shields
 40342 | Vaults:2 | Reached XP level 23. HP: 140/140 MP: 32/32
 40367 | Vaults:2 | Learned a level 1 spell: Apportation
 40606 | Vaults:2 | Found a runed translucent gate.
 40607 | Vaults:2 | Found a runed translucent gate.
 40608 | Vaults:2 | Found a runed translucent gate.
 40776 | Vaults:2 | Found a transporter.
 40795 | Vaults:2 | Found a transporter.
 41176 | Vaults:3 | Found a portal to a secret trove of treasure.
 41261 | Vaults:3 | Reached skill level 10 in Shields
 41408 | Vaults:3 | Found a magical portal.
 41428 | WizLab   | Entered Borgnjor's Mausoleum
 42253 | Vaults:3 | Reached XP level 24. HP: 149/149 MP: 32/32
 42279 | Vaults:3 | Found a staircase to the Crypt.
 42279 | Vaults:3 | Found a basalt altar of Yredelemnul.
 42279 | Vaults:3 | Found an ancient bone altar of Kikubaaqudgha.
 43913 | D:7      | Bought the ring "Xebyryur" {*Corrode Drain rElec rF+ SInv}
                  | for 448 gold pieces
 44057 | Orc:2    | Bought a ring of protection from cold for 350 gold pieces
 44638 | Vaults:4 | Found a crumbling gateway.
 44721 | Desolati | Entered the Desolation of Salt
 44821 | Desolati | Found the +10 morningstar "Eos" {elec, Halo rElec}
 44884 | Desolati | Got Methre's Elucidation of the Geological Faeries
 44963 | Desolati | Got Sif Muna's Anthology of Underground Contaminants
 44975 | Desolati | Got the Spellbook of Turbulence and Points
 44983 | Desolati | Identified the ring "Kauph" {rN+ Will- Int+9 Dex-5 Stlth+}
 44996 | Desolati | Got the Papyrus of Hazy Configuration
 45173 | Desolati | Learned a level 3 spell: Portal Projectile
 45173 | Desolati | Identified the +7 glaive of Conservatism {venom, rF+ rN+
                  | rCorr Int-5}
 45181 | Desolati | Identified the +6 dagger of the Sneaky Yaks {protect, rElec
                  | rN+}
 45184 | Desolati | Reached skill level 27 in Ranged Weapons
 45220 | Desolati | Reached skill level 1 in Hexes
 45281 | Desolati | Identified the ring "Ytekh" {+Blink MP+9 Str-4 Int+4}
 45455 | Desolati | Found the +0 pair of fencer's gloves {Riposte Dex+3}
 45459 | Desolati | Identified the amulet of the Hero {Reflect Rampage rElec
                  | Dex-5 SH+5}
 45544 | Desolati | Found the crystal ball of Wucad Mu {*channel}
 45861 | Vaults:4 | Identified the +0 chain mail "Jyaheati" {rC+ Regen+}
 46912 | Vaults:4 | Reached XP level 25. HP: 153/153 MP: 32/32
 47309 | Vaults:4 | Found a transporter.
 47736 | Depths:1 | Entered Level 1 of the Depths
 47758 | Depths:1 | Noticed the Enchantress
 47763 | Depths:1 | Killed the Enchantress
 47764 | Depths:1 | Noticed Nikola
 48082 | Depths:1 | Reached skill level 5 in Hexes
 48746 | Depths:1 | Found a gateway to Hell.
 48831 | Depths:1 | Killed Nikola
 49170 | Depths:2 | Found an ornate altar of the Wu Jian Council.
 49237 | Depths:2 | You are sucked into a shaft and drop 2 floors!
 49237 | Depths:4 | Entered Level 4 of the Depths
 49518 | Depths:3 | Noticed a juggernaut
 49529 | Depths:3 | Killed a juggernaut
 49759 | Depths:3 | Found an opulent altar of Gozag.
 50060 | Depths:3 | Identified the +1 pair of boots of the Bulwark {*Slow rPois
                  | Str+2 SInv}
 50262 | Depths:3 | Reached XP level 26. HP: 160/162 MP: 32/32
 50328 | Depths:3 | Found a one-way gate leading to the halls of Pandemonium.
 50522 | Depths:3 | Found a one-way gate to the infinite horrors of the Abyss.
 50650 | Depths:3 | Identified the +1 scale mail "Dyuwatuo" {*Slow rElec Str+2
                  | Int+4}
 51243 | Depths:4 | Found Poguef's Assorted Antiques.
 51261 | Depths:4 | Bought a scroll of blinking for 300 gold pieces
 51261 | Depths:4 | Bought a scroll of blinking for 300 gold pieces
 51261 | Depths:4 | Bought a scroll of enchant weapon for 300 gold pieces
 51287 | Depths:4 | Found Raeqaink's Assorted Antiques.
 51465 | Depths:4 | Bought a scroll of blinking for 322 gold pieces
 51511 | Depths:4 | Found a one-way gateway to a ziggurat.
 51516 | Depths:4 | Paralysed by a floating eye for 4 turns
 51700 | Depths:4 | Identified the +8 shortbow of Xaitin {flame, SInv}
 52157 | Depths:4 | Found a gate to the Realm of Zot.
 52607 | Depths:3 | Voluntarily entered the Abyss.
 52631 | Abyss:1  | Found a corrupted altar of Lugonu.
 52785 | Abyss:2  | Found a corrupted altar of Lugonu.
 53132 | Abyss:3  | Found a corrupted altar of Lugonu.
 53424 | Abyss:3  | Got an abyssal rune of Zot
 53740 | Abyss:3  | Paralysed by an air elemental for 1 turns
 53818 | Depths:3 | Escaped the Abyss
 53878 | Zot:1    | Entered Level 1 of the Realm of Zot
 53889 | Zot:1    | Reached XP level 27. HP: 160/169 MP: 32/32
 54065 | Depths:2 | Noticed Norris
 54071 | Depths:2 | Killed Norris
 54152 | Depths:2 | Noticed Vv
 54415 | Depths:2 | Identified the ring of Contentment {+Blink Will++ rCorr
                  | Dex+3 Stlth-}
 54595 | Depths:2 | Noticed Jory
 54606 | Depths:2 | Killed Jory
 54668 | Depths:2 | Found a basalt altar of Yredelemnul.
 54732 | Depths:2 | Killed Vv
 54876 | Depths:2 | Noticed Saint Roka
 54882 | Depths:2 | Killed Saint Roka
 55506 | Vaults:3 | You showed the abyssal rune of Zot to enter a treasure
                  | trove
 55507 | Trove    | Entered a treasure trove
 55514 | Trove    | Found the ring of the Mage {Wiz Archmagi}
 55515 | Trove    | Identified the ring "Byfri" {Dex+3 Slay+4}
 55518 | Trove    | Identified the amulet "Cyhaoq" {Regen+ Int+5 Dex+2 Slay+5}
 55521 | Trove    | Identified the amulet of the Magpie {+Inv Will++ Regen+
                  | Str+4 Dex-2}
 55524 | Trove    | Identified the amulet "Xukk" {Faith Rampage}
 55530 | Trove    | Identified the ring "Suinkyng" {rN+ Dex+6}
 55533 | Trove    | Identified the ring of Xiholec {rF+ Int+5 Dex-2 Slay+4}
 55534 | Trove    | Identified the ring "Feqefy" {rN+ Will- AC+4 Str-4 Int+9}
 56007 | Zot:1    | Learned a level 4 spell: Passage of Golubria
 60493 | Zot:4    | Noticed an orb of fire
 61340 | Zot:4    | Noticed a dread lich
 61344 | Zot:4    | Killed a dread lich
 61532 | Zot:4    | Reached skill level 27 in Dodging
 61540 | Zot:4    | Learned a level 3 spell: Tukima's Dance
 61556 | Zot:4    | Killed an orb of fire
 63219 | Zot:5    | Entered Level 5 of the Realm of Zot
 63300 | Zot:5    | Identified the +5 war axe of Inconvenience {flame, rElec}
 63816 | Zot:5    | Noticed a Killer Klown
 63818 | Zot:5    | a Killer Klown changed into a sphinx
 63940 | Zot:5    | Noticed a dread lich
 63943 | Zot:5    | Killed a dread lich
 63979 | Zot:5    | Noticed a dread lich
 63995 | Zot:5    | Killed a dread lich
 64022 | Zot:5    | Noticed a Killer Klown
 64022 | Zot:5    | Noticed a Killer Klown
 64026 | Zot:5    | Killed a Killer Klown
 64029 | Zot:5    | Noticed a Killer Klown
 64036 | Zot:5    | Killed a Killer Klown
 64041 | Zot:5    | Killed a Killer Klown
 64106 | Zot:5    | Noticed a Killer Klown
 64108 | Zot:5    | Noticed a Killer Klown
 64113 | Zot:5    | Noticed an orb of fire
 64114 | Zot:5    | Noticed a Killer Klown
 64121 | Zot:5    | Killed an orb of fire
 64131 | Zot:5    | Noticed a Killer Klown
 64137 | Zot:5    | Killed a Killer Klown
 64137 | Zot:5    | Killed a Killer Klown
 64144 | Zot:5    | Killed a Killer Klown
 64152 | Zot:5    | Noticed an ancient lich
 64163 | Zot:5    | Killed an ancient lich
 64164 | Zot:5    | Reached skill level 15 in Invocations
 64168 | Zot:5    | Killed a Killer Klown
 64426 | Zot:5    | Reached skill level 27 in Fighting
 64495 | Zot:5    | Noticed a Killer Klown
 64500 | Zot:5    | Killed a Killer Klown
 64500 | Zot:5    | Noticed a Killer Klown
 64507 | Zot:5    | Killed a Killer Klown
 64507 | Zot:5    | Noticed an orb of fire
 64517 | Zot:5    | Gained mutation: Your body sometimes deteriorates upon
                  | taking damage. [an orb of fire]
 64520 | Zot:5    | Gained mutation: You are weak. (Str -2) [an orb of fire]
 64533 | Zot:5    | Killed an orb of fire
 64632 | Zot:5    | Got the Orb of Zot
 65268 | D:$      | Escaped with the Orb!

Illustrated notes

Levels and vault maps discovered:
D:1:      minmay_arrival_glassed_features, layout_basic,
          dreamdust_princess_corridor, st_stairs_14
D:2:      layout_loops_ring, chequers_ecumenical_altar_simple
D:3:      layout_loops_ring, lemuel_round_altar, portal_sewer_entry_c,
          uniq_terence
D:4:      dreamdust_elfheim, layout_rooms, nicolae_overflow_hidden_temple,
          minmay_temple_entry_poolview
D:5:      layout_basic, regret_index_temple_of_mockery, lemuel_doored_altar,
          uniq_ijyb
D:6:      layout_loops_corners
D:7:      layout_cave_pools, nicolae_overflow_crystal_walls,
          mainiacjoe_overflow_paths, serial_shops, nicolae_shop_behind_doors,
          lightli_church_of_beogh
D:8:      layout_rooms, dreamdust_divine_triumvirate, led_sif_book,
          mainiacjoe_overflow_24_doors, lair_entry_dummy,
          nicolae_concentric_dashed_squares_mild, grunt_ministairs_13,
          minmay_misc_feat_hallway, uniq_maggie, uniq_maurice, uniq_jeremiah
D:9:      layout_irregular_city, lemuel_tele_altar, orc_0_dummy
D:10:     layout_basic, mainiacjoe_overflow_catwalk, serial_shops,
          nicolae_shop_gibbet_a_chance, shop, nicolae_shop_behind_doors,
          serial_rivers, chequers_serial_rivers_marsh,
          chequers_serial_rivers_room_b, chequers_serial_rivers_large_b,
          chequers_serial_rivers_micro_e, lemuel_flamethrower_hall
D:11:     layout_long_grid, serial_undead, serial_undead_c, serial_undead_a,
          serial_undead_f, serial_undead_b, minivault_25_ag,
          hangedman_decor_push
D:12:     layout_stronghold, bloody_makhleb
D:13:     minmay_blocking_statues, layout_layer_cave, serial_shops,
          nicolae_shop_real_fake_doors
D:14:     layout_gridville, hellmonk_vaults_keyhole
D:15:     grunt_enter_depths_giant_problem, layout_basic, serial_shops, shop,
          nicolae_qazlal_general_emergency
Temple:   nicolae_temple_bog_church
Lair:1:   layout_loops_ring, nicolae_lair_liquid_snakes, serial_bayou_shore_b
Lair:2:   layout_gridlike, elwin_shoals_entry_stream,
          nicolae_spider_entry_non_spiders, gammafunk_ghost_grave,
          chequers_serial_rivers_micro_a
Lair:3:   layout_cave_shapes, special_room [special_room_bee],
          cheibrodos_lair_caveside_slide, uniq_snorg
Lair:4:   layout_hall_layers, slime_entry_1, gauntlet_entry_generic,
          special_room [special_room_mythical_zoo]
Lair:5:   gammafunk_lair_ancient_temple, layout_gridlike
Shoals:1: layout_shoals, nicolae_shoals_land_atoll, nicolae_shop_self_help
Shoals:2: layout_shoals, nicolae_shoals_nymph_descending_staircase
Shoals:3: layout_shoals, serial_shops, shop, gammafunk_ghost_berserking_beasts
Shoals:4: shoals_end_hellmonk_holy_island, serial_shops
Spider:1: layout_spider_delve, uniq_josephine, uniq_roxanne, uniq_donald
Spider:2: layout_chambers, hellmonk_deceptive_appearances
Spider:3: layout_spider_delve, nicolae_spider_solar_radiation
Spider:4: guppyfry_spider_rune, nicolae_spider_paper_wasps, uniq_asterion
Orc:1:    layout_diamond_mine, uniq_nergalle
Orc:2:    pubby_orc_utopia, serial_shops
Elf:1:    eino_elf_arrival_customs, layout_loops_cross,
          hellmonk_ghost_happy_afterlife, serial_shops,
          nicolae_shop_temple_entry_statues_fountains, shop,
          nicolae_shop_advertising_works [nicolae_subvault_shop_adworks]
Elf:2:    elven_hall_of_blades_hangedman_alternative [grunt_blade_entry_basic],
          layout_gridlike, serial_shops, nicolae_shop_window_shopping,
          minmay_shop_star
Elf:3:    elf_hall, layout_geoelf_octagon, nicolae_elf_free_trip_to_the_abyss
Vaults:1: nicolae_vaults_meiosis, nicolae_vaults_triangles, v_pattern_5,
          nicolae_vaults_heist, nicolae_vaults_good_morning_starshine,
          nicolae_vaults_more_shelving_1, nicolae_vaults_offset_grid_hallway_1,
          nicolae_vaults_closet_pinwheel_3, nicolae_vaults_lightning_bolt,
          nicolae_vaults_offset_grid_hallway_4, vaults_room_stairs_pillars,
          ontoclasm_vaults_idyll, nicolae_vaults_trapezoid_lopsided_4,
          nicolae_vaults_tetromino_T_1, serial_ice_b, layout_vaults_omnibox
Vaults:2: ploomutoo_gammafunk_ghost_potion_laboratory, v_rooms_2,
          nicolae_vaults_tangram_1, nicolae_vaults_trapezoid_lopsided_3,
          nicolae_vaults_network_star, nicolae_vaults_alarming,
          gammafunk_sealed_arena, vaults_room_octagon, nicolae_vaults_diamond_2,
          nicolae_vaults_tetromino_Z_2, v_misc_10, v_misc_31,
          ontoclasm_vaults_chip, nicolae_vaults_little_squares_1,
          layout_vaults_maze_snakey
Vaults:3: infiniplex_enter_wizlab_glasses, ontoclasm_vaults_fault,
          ontoclasm_vaults_eye, minmay_crypt_entry_necro_gods,
          nicolae_vaults_network_barrier, ontoclasm_vaults_chip,
          nicolae_vaults_double_plus_1, nicolae_vaults_little_ls,
          nicolae_vaults_wrenched, nicolae_vaults_tetromino_L_1,
          nicolae_vaults_little_squares_1, layout_vaults_omnigrid,
          nicolae_trove_entry_crystal
Vaults:4: portal_desolation_entry_salt, nicolae_vaults_trapezoid_1,
          emtedronai_trogs_sanctum, nicolae_vaults_turnstiles,
          nicolae_vaults_closet_pinwheel_4, ontoclasm_vaults_decontamination,
          vaults_room_fours, vaults_mumra_minichess, vaults_room_grid,
          nicolae_vaults_closet_pinwheel_3, layout_vaults_chaotic_city
Depths:1: layout_cave_pools, minmay_stone_trees_small, hell_entry,
          kilobyte_rumbling_trees, uniq_nikola, uniq_enchantress
Depths:2: lemuel_vampire_tower, layout_long_grid, hangedman_coc_ice_floe,
          grunt_pan_entry_sceptre, grunt_decor_one_mirror,
          pdpol_wu_jian_five_deadly_venoms, uniq_saint_roka, uniq_vv,
          uniq_norris
Depths:3: minmay_connected_boxes_in_corner, layout_honeycomb,
          grunt_hell_entry_demonic_statue, abyss_entry, pan_entry,
          nicolae_gozag_seed_capital, minmay_staircase_bubble
Depths:4: grunt_zot_entry_alcove, layout_cave_shapes, enter_ziggurat_d,
          serial_bayou_lagoon_a, pf_vacation_house_of_asmodeus, minmay_shoptagon
Zot:1:    layout_twisted_circle, grunt_megastairs_2
Zot:2:    layout_basic
Zot:3:    layout_onion_interference
Zot:4:    hangedman_snap_crack_crunch, layout_onion
Zot:5:    layout_concentric_octagons, bh_zot_levy_curve, st_stairs_5,
          grunt_ministairs_1

Skill      XL: |  1  2  3  4  5  6  7  8  9 10 11 12 13 14 15 16 17 18 19 20 21 22 23 24 25 26 27 |
---------------+----------------------------------------------------------------------------------+-----
Ranged Weapons | 6 7 9 10 11 12 14 15 16 17 19 20 21 24 27 | 27.0
Stealth        | 2 5 6 |  6.0
Fighting       | 4 7 8 9 14 16 18 20 21 22 23 27 | 27.0
Invocations    | 3 6 7 8 10 17 | 17.2
Armour         | 2 4 10 | 10.0
Dodging        | 4 7 9 10 11 12 16 17 18 21 22 23 24 27 | 27.0
Evocations     | 3 4 5 8 10 12 15 16 17 18 19 23 | 23.0
Translocations | 6 9 |  9.0
Spellcasting   | 5 6 |  6.0
Transmutations | 5 6 |  6.0
Shields        | 9 10 | 10.0
Hexes          | 4 8 |  8.0

Action                     |  1- 3 |  4- 6 |  7- 9 | 10-12 | 13-15 | 16-18 | 19-21 | 22-24 | 25-27 || total
---------------------------+-------+-------+-------+-------+-------+-------+-------+-------+-------++-------
   Fire: Shortbow          |    69 |    81 |       |       |       |       |       |       |       ||   150
         Orcbow            |       |    39 |   218 |   453 |   602 |       |       |       |       ||  1312
         Arbalest          |       |       |       |       |   257 |   935 |   872 |   450 |       ||  2514
         Hand crossbow     |       |       |       |       |       |       |       |   496 |  1935 ||  2431
   Cast: Wereblood         |       |       |       |       |       |       |     2 |     3 |     8 ||    13
         Portal Projectile |       |       |       |       |       |       |       |       |    23 ||    23
         Blink             |       |       |       |       |       |       |       |       |    24 ||    24
 Invoke: Ancestor Identity |       |       |     1 |       |       |       |       |       |       ||     1
         Ancestor Life: Kn |       |       |       |     1 |       |       |       |       |       ||     1
         Recall Ancestor   |       |       |       |     3 |     3 |       |     2 |     2 |    28 ||    38
         Idealise          |       |       |       |       |     7 |    16 |    10 |     4 |    24 ||    61
         Transference      |       |       |       |       |       |       |       |       |     1 ||     1
  Evoke: Wand              |       |     1 |       |     1 |       |       |       |       |       ||     2
         Sack of spiders   |       |       |       |       |       |     1 |     1 |       |     1 ||     3
    Use: Scroll            |       |     3 |    10 |     7 |    11 |     8 |     5 |     2 |    25 ||    71
         Potion            |       |       |     1 |     3 |     3 |     4 |     2 |     2 |    14 ||    29
 Armour: Leather armour    |     6 |    27 |    29 |    14 |    46 |    56 |    19 |    41 |    93 ||   331
  Dodge: Dodged            |    36 |    45 |    75 |    71 |   336 |   574 |   282 |   515 |  1152 ||  3086
  Block: Buckler           |       |       |       |       |       |       |       |     2 |   381 ||   383
         Reflection        |       |       |       |       |       |       |       |       |     7 ||     7

Table legend: (Time is in decaauts)
 A = Elapsed time spent in this place.
 B = Non-inter-level travel time spent in this place.
 C = Inter-level travel time spent in this place.
 D = Time resting spent in this place.
 E = Time spent auto-exploring this place.
 F = Levels seen in this place.
 G = Mean time per level.
                   A        B        C        D        E       F      G
               +--------+--------+--------+--------+--------+-----+--------+
         Total |  65535 |  59651 |   5884 |   6284 |  38366 |  55 | 1191.5 |
       Dungeon |  17224 |  14887 |   2337 |    827 |  11227 |  15 | 1148.3 |
        Temple |      1 |      1 |      0 |      0 |      0 |   1 |    1.0 |
          Lair |   5444 |   4898 |    546 |    219 |   3651 |   5 | 1088.8 |
        Shoals |   5424 |   5162 |    262 |    684 |   3737 |   4 | 1356.0 |
   Spider Nest |   5189 |   4961 |    228 |    414 |   3227 |   4 | 1297.2 |
  Orcish Mines |   2743 |   2263 |    480 |     46 |   1605 |   2 | 1371.5 |
   Elven Halls |   3118 |   2941 |    177 |    178 |   1825 |   3 | 1039.3 |
        Vaults |   7355 |   6364 |    991 |    122 |   4638 |   4 | 1838.8 |
        Depths |   6305 |   5903 |    402 |    522 |   4035 |   4 | 1576.2 |
           Zot |   9076 |   8618 |    458 |   2493 |   4303 |   5 | 1815.2 |
         Abyss |   1231 |   1231 |      0 |    315 |      0 |   3 |  410.3 |
         Trove |     34 |     34 |      0 |      0 |      0 |   1 |   34.0 |
         Sewer |     64 |     64 |      0 |      0 |     26 |   1 |   64.0 |
        Wizlab |    858 |    858 |      0 |    397 |     92 |   1 |  858.0 |
    Desolation |   1051 |   1051 |      0 |     66 |      0 |   1 | 1051.0 |
      Gauntlet |    412 |    412 |      0 |      0 |      0 |   1 |  412.0 |
               +--------+--------+--------+--------+--------+-----+--------+

Top non-repeatable levels by time:
   Zot:2: 2559 daAuts
Vaults:1: 2098 daAuts
   Orc:2: 2089 daAuts
Vaults:3: 1970 daAuts
Depths:3: 1950 daAuts
   Zot:3: 1926 daAuts
   Zot:4: 1825 daAuts
Vaults:4: 1677 daAuts
Depths:4: 1677 daAuts
Spider:2: 1630 daAuts
    D:13: 1624 daAuts
Vaults:2: 1607 daAuts
Shoals:1: 1500 daAuts
   Zot:5: 1457 daAuts
    D:15: 1434 daAuts
